 Dungeon Crawl Stone Soup version 0.21.1-1-g345015f (webtiles) character file.

21 Mesmaeker13 the Charmwright (level 2, -3/24 HPs)
             Began as a Demigod Skald on Mar 2, 2018.
             Slain by a bullfrog (8 damage)
             ... on level 1 of the Dungeon.
             The game lasted 00:01:41 (1512 turns).

Mesmaeker13 the Charmwright (Demigod Skald)         Turns: 1512, Time: 00:01:42

Health: -3/24      AC:  3    Str: 14    XL:     2   Next: 45%
Magic:  7/7        EV: 12    Int: 17    God:
Gold:   56         SH:  0    Dex: 15    Spells: 3/4 levels left

rFire    + . .     SeeInvis .   a - +0 falchion
rCold    + . .     Gourm    .   (no shield)
rNeg     . . .     Faith    .   b - +0 leather armour
rPois    +         Spirit   .   (no helmet)
rElec    +         Reflect  .   (no cloak)
rCorr    +         Harm     .   (no gloves)
MR       .....                  (no boots)
Stlth    +.........             (no amulet)
HPRegen  0.08/turn              (no ring)
MPRegen  0.10/turn              (no ring)

@: resistant
A: high mp 1
a: no special abilities


You were on level 1 of the Dungeon.
You were not hungry.

You visited 1 branch of the dungeon, and saw 2 of its levels.

You collected 56 gold pieces.

Inventory:

Hand Weapons
 a - a +0 falchion (weapon)
Armour
 b - a +0 leather armour (worn)
Scrolls
 f - 2 scrolls of fear {unknown}
 g - a scroll of enchant weapon {unknown}
 h - a scroll of fog {unknown}
 j - a scroll of amnesia {unknown}
 l - a scroll of identify {unknown}
Potions
 i - a potion of resistance
 k - a potion of might {unknown}
Books
 c - a book of Battle

   Spells                             Type                      Level
   a - Infusion                       Charms                       1
   b - Shroud of Golubria             Charms/Translocation         2
   c - Song of Slaying                Charms                       2
   d - Spectral Weapon                Hexes/Charms                 3
   e - Regeneration                   Charms/Necromancy            3
Comestibles
 d - 4 rations
 m - a chunk of flesh


   Skills:
 + Level 2.1 Fighting
 + Level 2.1 Long Blades
 + Level 1.3 Armour
 - Level 1.7 Dodging
 - Level 1.7 Spellcasting
 + Level 2.9 Charms


You had 3 spell levels left.
You knew the following spells:

 Your Spells              Type           Power        Failure   Level  Hunger
a - Infusion              Chrm           ##..         8%          1    #......


Dungeon Overview and Level Annotations

Branches:
Dungeon (2/15)


Innate Abilities, Weirdness & Mutations

You have an increased reservoir of magic. (+10% MP)


Message History

The bullfrog hits you.
* * * LOW HITPOINT WARNING * * *
You closely miss the bullfrog.
The bullfrog is severely wounded.
The bullfrog hits you but does no damage. x2
You hit the bullfrog.
The bullfrog is almost dead.
The bullfrog hits you but does no damage. x2
You closely miss the bullfrog.
The bullfrog is almost dead.
The bullfrog hits you but does no damage. x2
You closely miss the bullfrog.
The bullfrog is almost dead.
The bullfrog hits you but does no damage.
You barely miss the bullfrog.
The bullfrog is almost dead.
You feel less wooden.
Your +0 leather armour unmelds from your body.
The bullfrog closely misses you. The bullfrog hits you!
You die...

####...# #..#.............'...
.......# ##.#..#####......####
.###..########....# #......#
..................#####......#
.......########..............#
..................######.....###
##.##..#########...............#
##...............F.#########.###
.....#(.........@..##....###.#
..............#.#..##........#
.###.##.###.###.#..##........####
.# #.##.# #.# #.#..##............
.# #.##.# #.# #.#..##....##....##
.# #.##.# #.###.#..##.....'....'.
)# #.##.# #...#.#..#####.##....##
.# #.##.#####.#.#..# #.##....# .#
#.##.#.......#..# #.##....#


You could see a bullfrog.

Vanquished Creatures
  A dart slug (D:1)
  2 bats (D:2)
  3 giant cockroaches
  2 goblins
  A hobgoblin (D:1)
  2 kobolds (D:1)
  2 ball pythons (D:1)
  2 frilled lizards
  2 rats (D:1)
17 creatures vanquished.

Notes
Turn   | Place    | Note
-------+----------+-------------------------------------------
     0 | D:1      | Mesmaeker13 the Demigod Skald began the quest for the Orb.
     0 | D:1      | Reached XP level 1. HP: 17/17 MP: 5/5
    20 | D:1      | Reached skill level 1 in Armour
   875 | D:1      | Reached XP level 2. HP: 24/24 MP: 7/7
  1480 | D:2      | Noticed a bullfrog
  1512 | D:1      | Slain by a bullfrog

Skill      XL: |  1 |
---------------+----+-----
Armour         | 1 |  1.3
Fighting       | 2 |  2.1
Long Blades    | 2 |  2.1
Dodging        | |  1.7
Spellcasting   | |  1.7
Charms         | |  2.9

Action                   || total
-------------------------++-------
Melee: Falchion          ||    71
 Cast: Infusion          ||     2
  Use: Potion            ||     2
  Eat: Chunk             ||     2
Armor: Leather armour    ||    21
       Skin              ||    20
Dodge: Dodged            ||    40
       Rpst.: Falchion   ||    11
